 Dungeon Crawl Stone Soup version 0.22-a0-265-g0d8bc90 (webtiles) character file.

4422 MrOwlBear the Geomancer (level 10, -3/56 HPs)
             Began as a Gargoyle Earth Elementalist on Mar 6, 2018.
             Was a Follower of Vehumet.
             Slain by a crocodile (10 damage)
             ... on level 8 of the Dungeon.
             The game lasted 01:23:42 (9526 turns).

MrOwlBear the Geomancer (GrEE)                      Turns: 9526, Time: 01:23:43

Health: -3/56      AC: 15    Str: 11    XL:     10   Next: 36%
Magic:  5/20       EV: 12    Int: 20    God:    Vehumet [*.....]
Gold:   383        SH:  0    Dex: 10    Spells: 14/23 levels left

rFire    . . .     SeeInvis .   p - +1 hand axe (freeze)
rCold    . . .     Gourm    .   (no shield)
rNeg     + . .     Faith    .   L - +0 leather armour {rPois}
rPois    ∞         Spirit   .   y - +1 helmet
rElec    +         Reflect  .   D - +0 cloak
rCorr    .         Harm     .   (no gloves)
MR       .....                  R - +0 pair of boots
Stlth    ++........             (no amulet)
HPRegen  0.18/turn              (no ring)
MPRegen  0.17/turn              (no ring)

@: no status effects
A: negative energy resistance 1, electricity resistance, unbreathing,
petrification resistance, rot immunity, AC +7
a: Renounce Religion


You were on level 8 of the Dungeon.
You worshipped Vehumet.
Vehumet was aware of your devotion.
You were hungry.

You visited 2 branches of the dungeon, and saw 9 of its levels.

You collected 383 gold pieces.

Inventory:

Hand Weapons
 a - a +0 club
 b - a +0 whip of electrocution
 h - a +0 short sword
 k - a +0 dire flail
 l - a +2 hand axe of chopping
 n - a +0 mace
 p - a +1 hand axe of freezing (weapon)
 C - a +4 quarterstaff of chaos
 H - the +8 dagger of the Sky {holy, rC- MR++ Dex+2, unknown}
   (You found it on level 5 of the Dungeon)

   It has been blessed by the Shining One to cause great damage to the undead
   and demons.
   It affects your dexterity (+2).
   It makes you vulnerable to cold.
   It affects your resistance to hostile enchantments.
 I - a +0 spear of freezing
Missiles
 M - 36 stones (quivered)
Armour
 c - a +0 robe
 f - a +0 cloak
 j - a +0 ring mail
 w - a +0 robe
 x - a +0 leather armour
 y - a +1 helmet (worn)
 D - a +0 cloak (worn)
 F - a +0 robe
 J - a +0 helmet
 K - the +0 ring mail of the Gardener {rC+ Str+3 Slay-4 SInv}
   (You found it on level 6 of the Dungeon)

   It affects your strength (+3).
   It affects your accuracy and damage with ranged weapons and melee attacks
   (-4).
   It protects you from cold.
   It lets you see invisible.
 L - a +0 leather armour of poison resistance (worn)
 R - a +0 pair of boots (worn)
Jewellery
 O - an uncursed amulet of the acrobat {unknown}
Wands
 r - a wand of iceblast (10)
 v - a wand of flame (37)
 G - a wand of random effects (42)
Scrolls
 e - 2 scrolls of amnesia
 g - 8 scrolls of identify
 m - 3 scrolls of teleportation
 q - a scroll of fear
 A - a scroll of magic mapping {unknown}
 E - 2 scrolls of immolation {unknown}
 P - a scroll of remove curse
 Q - 4 scrolls of summoning {unknown}
Potions
 i - a potion of berserk rage {unknown}
 o - 2 potions of curing
 s - 2 potions of haste {unknown}
 t - a potion of agility {unknown}
 u - 2 potions of degeneration {unknown}
 z - 2 potions of heal wounds {unknown}
 B - 2 potions of might
 N - a potion of mutation {unknown}
Comestibles
 d - 10 rations


   Skills:
 + Level 3.6 Fighting
 + Level 3.5 Armour
 + Level 3.2 Dodging
 - Level 2.1 Stealth
 + Level 7.3 Spellcasting
 + Level 7.9 Conjurations
   Level 0.7 Transmutations
 + Level 9.8 Earth Magic
 + Level 2.9 Evocations


You had 14 spell levels left.
You knew the following spells:

 Your Spells              Type           Power        Failure   Level  Hunger
a - Sandblast             Erth           #####.       1%          1    None
b - Stone Arrow           Conj/Erth      #####.       1%          3    #......
c - Lee's Rapid Deconstr  Erth           #####.....   5%          5    #####..


Dungeon Overview and Level Annotations

Branches:
Dungeon (8/15)             Temple (1/1) D:5            Lair (0/6) D:8

Altars:
Ashenzari
Cheibriados
Dithmenos
Elyvilon
Fedhas
Gozag
Hepliaklqana
Kikubaaqudgha
Makhleb
Nemelex Xobeh
Okawaru
Qazlal
Ru
Sif Muna
Trog
Uskayaw
Vehumet
Wu Jian
Xom
Yredelemnul
Zin
The Shining One

Shops:
D:4 [


Innate Abilities, Weirdness & Mutations

You are resistant to torment.
Your stone body is resilient. (AC +7)
You are immune to poison.
You resist negative energy. (rN+)
You are resistant to electric shocks. (rElec)
You can survive without breathing.
You are immune to petrification.
You are immune to rotting.


Message History

The stone arrow hits the bullfrog.
You kill the bullfrog!
Vehumet accepts your kill.
The porcupine bites you but does no damage.
The quokka bites the fungus but does no damage.
The crocodile bites you!
The bullfrog hits the fungus.
The crocodile bites the plant!
The porcupine bites you but does no damage.
The two-headed ogre hits you with a giant club.
The two-headed ogre hits you with a giant spiked club!
* * * LOW HITPOINT WARNING * * *
Casting: Stone Arrow (safe; 1% risk of failure)
Confirm with . or Enter, or press ? or * to list all spells.
Aiming: Stone Arrow (safe; 1% risk of failure)
Press: ? - help, Shift-Dir - straight line, f - crocodile
Aim: a crocodile The stone arrow hits the crocodile.
The crocodile is heavily wounded.
The crocodile bites you!
You die...

#.# ##.## ...#
#..# #..# ###<.#
#....######
#.#..P.PtP###
#P....h@OFP.#
#....PP.PPrPrP..#


#.P..PP.PP.PPPrP.. #.P.PPP.PP.PPP...P ....PP.PP.PPPP.P.. ..PP..P.P.PtP..PPP
...PP.P..P.P...PP. (PP.PPPP.>..P.PPP. You could see a two-headed ogre, 2
crocodiles, a black bear, a bullfrog, 2 porcupines and a quokka.

Vanquished Creatures
  The ghost of Partyfoot the Skirmisher, a novice OgBe of Trog (D:7)
  Pikel (D:5)
  A hippogriff (D:7)
  A wyvern (D:7)
  A hungry ghost (D:7)
  Menkaure (D:4)
  A water moccasin (D:5)
  Duvessa (D:4)
  2 ice beasts (D:7)
  3 orc warriors
  2 phantoms
  2 slaves (D:5)
  An ogre (D:6)
  A centaur (D:4)
  A big kobold (D:2)
  5 bullfrogs
  Dowan (D:4)
  A water moccasin zombie (D:7)
  6 scorpions
  A bullfrog zombie (D:7)
  A crimson imp (D:2)
  4 hounds
  Crazy Yiuf (D:4)
  5 orc priests
  2 orc wizards
  Ijyb (D:3)
  Jessica (D:3)
  Natasha (thrice) (D:3)
  5 iguanas
  3 worker ants
  6 gnolls
  9 adders
  A shadow imp (D:6)
  3 worms
  5 dart slugs
  4 leopard geckos
  27 orcs
  2 ball pythons
  10 bats
  4 giant cockroaches
  13 goblins
  10 hobgoblins
  4 jackals
  13 kobolds
  A quokka (D:3)
  10 frilled lizards
  A quokka skeleton (D:4)
  A quokka zombie (D:8)
  13 rats
197 creatures vanquished.

Vanquished Creatures (others)
  2 slaves (D:5)
  An ogre (D:5)
  A gnoll (D:5)
  A fungus (D:8)
5 creatures vanquished.

Grand Total: 202 creatures vanquished

Notes
Turn   | Place    | Note
-------+----------+-------------------------------------------
     0 | D:1      | MrOwlBear the Gargoyle Earth Elementalist began the quest for the Orb.
     0 | D:1      | Reached XP level 1. HP: 10/10 MP: 3/3
   150 | D:1      | Reached XP level 2. HP: 15/15 MP: 0/5
   153 | D:1      | Reached skill level 4 in Earth Magic
   592 | D:1      | Reached XP level 3. HP: 19/19 MP: 2/6
   887 | D:1      | Learned a level 3 spell: Stone Arrow
  1230 | D:2      | Found a glowing golden altar of the Shining One.
  1406 | D:2      | Noticed a big kobold
  1433 | D:2      | Killed a big kobold
  1433 | D:2      | Reached skill level 1 in Conjurations
  1433 | D:2      | Reached skill level 5 in Earth Magic
  1433 | D:2      | Reached XP level 4. HP: 21/24 MP: 1/9
  1433 | D:2      | Reached XP level 5. HP: 25/28 MP: 1/10
  2322 | D:3      | Reached XP level 6. HP: 32/32 MP: 9/11
  2450 | D:3      | Noticed Ijyb
  2477 | D:3      | Killed Ijyb
  2846 | D:3      | Noticed Jessica
  2849 | D:3      | Killed Jessica
  3096 | D:3      | Noticed Natasha
  3100 | D:3      | Killed Natasha
  3193 | D:3      | Found a glowing silver altar of Zin.
  3193 | D:3      | Noticed an angel
  3206 | D:3      | Noticed Natasha
  3209 | D:3      | Killed Natasha
  3209 | D:3      | Reached skill level 6 in Earth Magic
  3389 | D:3      | Noticed Natasha
  3394 | D:3      | Killed Natasha
  3469 | D:4      | Reached XP level 7. HP: 28/36 MP: 7/13
  3578 | D:4      | Noticed Menkaure
  3595 | D:4      | Killed Menkaure
  3755 | D:4      | Found Bankan's Armour Emporium.
  3953 | D:4      | Reached skill level 5 in Spellcasting
  4068 | D:4      | Reached skill level 7 in Earth Magic
  4077 | D:4      | Noticed Duvessa
  4077 | D:4      | Noticed Dowan
  4086 | D:4      | Killed Duvessa
  4086 | D:4      | Reached skill level 5 in Conjurations
  4086 | D:4      | Reached XP level 8. HP: 32/41 MP: 7/15
  4089 | D:4      | Killed Dowan
  4299 | D:4      | Found a runed door.
  4523 | D:4      | Noticed Crazy Yiuf
  4525 | D:4      | Killed Crazy Yiuf
  4574 | D:5      | Entered Level 5 of the Dungeon
  4633 | D:5      | Got a crystal dagger
  4634 | D:5      | Noticed Pikel
  4972 | D:5      | Killed Pikel
  4972 | D:5      | Reached skill level 8 in Earth Magic
  5123 | D:5      | Reached XP level 9. HP: 16/45 MP: 18/18
  5448 | D:5      | Found a staircase to the Ecumenical Temple.
  6399 | Temple   | Entered the Ecumenical Temple
  6445 | Temple   | Became a worshipper of Vehumet
  6475 | Temple   | Learned a level 5 spell: Lee's Rapid Deconstruction
  6638 | D:6      | Got a shimmering ring mail
  6646 | D:6      | Reached skill level 9 in Earth Magic
  6693 | D:6      | Identified the cursed +0 ring mail of the Gardener {rC+ Str+3 Slay-4 SInv} (You found it on level 6 of the Dungeon)
  6722 | D:5      | Reached skill level 1 in Fighting
  6722 | D:5      | Reached skill level 1 in Armour
  6974 | D:5      | Reached skill level 1 in Evocations
  7340 | D:6      | Reached * piety under Vehumet
  7340 | D:6      | Offered knowledge of Magic Dart by Vehumet.
  8398 | D:7      | Noticed Partyfoot's ghost (novice OgBe)
  8414 | D:7      | Killed Partyfoot's ghost
  8414 | D:7      | Reached XP level 10. HP: 26/56 MP: 0/20
  9518 | D:8      | Noticed a two-headed ogre
  9518 | D:8      | Found a staircase to the Lair.
  9526 | D:8      | Slain by a crocodile

Vault maps used:
D:1:      dpeg_arrival_castle
D:2:      minmay_strange_pillars, tso_metal_star
D:3:      zin_angel, first_ration, minmay_goblin_outpost, uniq_jessica,
          uniq_natasha, uniq_ijyb
D:4:      serial_shops, shop, uniq_duvessa, uniq_menkaure,
          uniq_crazy_yiuf_cottage
D:5:      temple_green, lightli_ossuary_entry_decrepit_ruins, uniq_pikel
D:8:      cheibrodos_iron_armory, due_lair_maze_entry_diamond, serial_shops,
          kennysheep_little_box, uniq_prince_ribbit1
Temple:   dpeg_three_leaves_temple

Skill      XL: |  1  2  3  4  5  6  7  8  9 10 |
---------------+-------------------------------+-----
Earth Magic    | 4 5 6 7 8 9 |  9.8
Spellcasting   | 3 4 5 6 7 |  7.3
Conjurations   | 1 2 3 5 6 7 |  7.9
Fighting       | 3 |  3.6
Armour         | 3 |  3.5
Evocations     | 2 |  2.9
Dodging        | 2 3 |  3.2
Stealth        | |  2.1
Transmutations | |  0.7

Action                   |  1- 3 |  4- 6 |  7- 9 | 10-12 || total
-------------------------+-------+-------+-------+-------++-------
Melee: Unarmed           |     4 |       |       |       ||     4
       Club              |     6 |       |       |       ||     6
       Short sword       |    14 |       |       |       ||    14
       Hand axe          |       |    13 |    86 |    34 ||   133
 Cast: Sandblast         |    58 |   110 |    70 |       ||   238
       Stone Arrow       |       |       |    92 |    32 ||   124
       Lee's Rapid Decon |       |       |     4 |       ||     4
  Use: Scroll            |       |     1 |     5 |       ||     6
       Potion            |       |       |     2 |       ||     2
  Eat: Ration            |     1 |       |     2 |       ||     3
       Chunk             |       |     5 |    11 |     3 ||    19
Armor: Robe              |     9 |       |    42 |       ||    51
       Ring mail         |    12 |    25 |    11 |       ||    48
       Leather armour    |       |       |    43 |    35 ||    78
Dodge: Dodged            |    31 |    41 |   119 |    18 ||   209

Table legend:
 A = Spawn XP
 B = Non-spawn XP
 C = Spawn XP percentage of total XP
 D = Spawn monster count
 E = Non-spawn monster count
 F = Spawn count percentage of total count
 G = Total turns spent on level
                    A         B        C        D         E        F      G
               +---------+---------+-------+---------+---------+-------+---------
         Total |       0 |    6318 |   0.0 |       0 |     195 |   0.0 |  9526
               +---------+---------+-------+---------+---------+-------+---------
           D:1 |       0 |      49 |   0.0 |       0 |      27 |   0.0 |  1211
           D:2 |       0 |     255 |   0.0 |       0 |      29 |   0.0 |  1079
           D:3 |       0 |     276 |   0.0 |       0 |      40 |   0.0 |  1134
           D:4 |       0 |     978 |   0.0 |       0 |      25 |   0.0 |  1715
           D:5 |       0 |    1512 |   0.0 |       0 |      27 |   0.0 |  1600
           D:6 |       0 |     913 |   0.0 |       0 |      27 |   0.0 |  1126
           D:7 |       0 |    2241 |   0.0 |       0 |      18 |   0.0 |  1548
           D:8 |       0 |      94 |   0.0 |       0 |       2 |   0.0 |    12
               +---------+---------+-------+---------+---------+-------+---------
